 Dungeon Crawl Stone Soup version 0.29-a0-341-g24ffce5b50 (webtiles) character file.

Game seed: 6097588929463061168

25 spaghetti the Magician (level 2, 0/20 HPs)
             Began as a Demigod Hedge Wizard on Apr 20, 2022.
             Killed from afar by Terence (7 damage)
             ... with a puff of flame
             ... on level 1 of the Dungeon.
             The game lasted 00:01:29 (1273 turns).

spaghetti the Magician (Demigod Hedge Wizard)       Turns: 1273, Time: 00:01:30

Health: 0/20       AC:  2    Str: 11    XL:     2   Next: 66%
Magic:  7/9        EV: 12    Int: 16    God:
Gold:   140        SH:  0    Dex: 13    Spells: 7/8 levels left

rFire   . . .      SeeInvis .   a - +0 dagger {short}
rCold   . . .      Faith    .   (no shield)
rNeg    . . .      Spirit   .   b - +0 robe
rPois   .          Reflect  .   c - +0 hat
rElec   .          Harm     .   (no cloak)
rCorr   .          Rampage  .   (no gloves)
Will    .....                   (no boots)
Stlth   ++........              (no amulet)
HPRegen 0.06/turn               (no ring)
MPRegen 0.11/turn               (no ring)

@: invisible
A: high MP 1, forlorn, divine attributes
a: no special abilities


You were on level 1 of the Dungeon.
You visited 1 branch of the dungeon, and saw 2 of its levels.

You collected 140 gold pieces.


Innate Abilities, Weirdness & Mutations

You have an increased reservoir of magic. (+10% MP)
You shall have no god before yourself.
Your divine heritage dramatically boosts your attributes as you level up.


   Skills:
 - Level 1.7 Dodging
 - Level 1.7 Stealth
 + Level 3.6 Spellcasting
 - Level 0.8 Conjurations
 - Level 0.8 Summonings
 - Level 0.8 Translocations


You had 7 spell levels left.
You knew the following spells:

 Your Spells              Type           Power      Damage    Failure   Level
a - Magic Dart            Conj           20%        1d4       12%         1

Your spell library contained the following spells:

 Spells                   Type           Power      Damage    Failure   Level
 Slow                     Hex            8%         N/A       19%         1
 Blink                    Tloc           10%        N/A       19%         2
 Call Imp                 Summ           5%         N/A       19%         2
 Conjure Flame            Conj/Fire      4%         6-21      41%         3
 Mephitic Cloud           Conj/Pois/Air  3%         N/A       43%         3

Inventory:

Hand Weapons
 a - a +0 dagger (weapon) {short}
Missiles
 f - 19 stones {throwing}
 l - 6 curare-tipped darts {=fthrowing}
Armour
 b - a +0 robe (worn)
 c - a +0 hat (worn)
Scrolls
 e - 2 scrolls of identify {unknown}
 g - a scroll of acquirement {unknown}
 i - a scroll of amnesia {unknown}
 k - a scroll of fear {unknown}
Potions
 d - a potion of magic

Dungeon Overview and Level Annotations

Branches:
Dungeon (2/15)

Annotations:
D:1 Terence

.......#### #........##.........
.......# #####...............
.......# #...###..#.##.##
.......# #...# #..####.#
.......## #...# #..####.#
........# #...# #^...##.#
........# #...# #.##.##.#
........# ####...###.##.##†#
........# #S@@...'...##.##.##
........# #.##...######.##.#.
........# #.#....# #.#..#.
...###### #.#.#+## #.#.##.
#......# #.....# #.#.##.
.#.....##########.#########>#.#..
..#....##.........# #......#....
⌠.#######.....##### #.#.........
..## #.'.....# #.#.#####...


You could see Terence (can't see you) and an adder (can't see you).


Message History

A goblin is nearby!
A goblin is nearby!
The magic dart hits the goblin.
The goblin shouts! 😎 MP[-1]
You lost 1 mp, and now have 8/9 mp.
The magic dart hits the goblin.
You kill the goblin!
No target in view! 😎 MP[-1]
You lost 1 mp, and now have 7/9 mp.
No target in view!
No target in view!
No target in view!
No target in view!
No target in view!
No target in view!
No target in view!
No target in view!
No target in view!
No target in view!
No target in view!
No target in view!
You see here a +0 dagger {short}.
l - 6 curare-tipped darts {=fthrowing} 😎 MP[+2]
Your mp is fully restored (9).
You open the door.
Key pressed, stopping explore.
You enter the shallow water.
Moving in this stuff is going to be slow.
You enter the shallow water.
Moving in this stuff is going to be slow.
Key pressed, stopping explore.
You enter the shallow water.
Moving in this stuff is going to be slow.
Partly explored, can't reach some places.
Okay, then.
Partly explored, can't reach some places.
Partly explored, can't reach some places.
Partly explored, can't reach some places.
Partly explored, can't reach some places.
(D) Dungeon
Where to? (? - help)
You enter the shallow water.
Moving in this stuff is going to be slow.
You enter the shallow water.
Moving in this stuff is going to be slow.
You enter the shallow water.
Moving in this stuff is going to be slow.
You enter the shallow water.
Moving in this stuff is going to be slow.
There is an open door here.
There is a stone staircase leading down here.
You climb downwards.
There is a stone staircase leading up here.
Terence is nearby!
Unknown command.
Unknown command.
Terence is nearby!
Terence is nearby!
Terence is nearby!
The magic dart hits Terence but does no damage.
Terence shouts!
An adder comes into view. 😎 MP[-1]
You lost 1 mp, and now have 8/9 mp.
The magic dart hits the adder but does no damage.
The adder hisses angrily. 😎 MP[-1]
You lost 1 mp, and now have 7/9 mp.
The magic dart hits the adder. 😎 MP[-1]
You lost 1 mp, and now have 6/9 mp.
You hit the adder but do no damage. The adder barely misses you.
The adder completely misses you.
You barely miss the adder. The adder completely misses you.
You hit the adder. The adder closely misses you.
Terence zaps a wand.
The puff of flame hits you! 😮 HP[-7]
You take 7 damage, and now have 13/20 hp.
MASSIVE DAMAGE!! (PAUSE)
The adder closely misses you. The adder bites you. Terence closely misses you.
You climb upwards.
There is a stone staircase leading down here. 😮 HP[-2] MP[+1]
You take 2 damage, and now have 11/20 hp.
It was a potion of curing.
You feel better. The adder bites you.
Terence zaps a wand.
The puff of flame hits you!
* * * LOW HITPOINT WARNING * * *
😨 HP[-4]
You take 4 damage, and now have 7/20 hp.
It was a potion of invisibility.
You fade into invisibility!
The adder barely misses you.
Terence zaps a wand.
The puff of flame hits you!
You die...

Skill      XL: |  1 |
---------------+----+-----
Spellcasting   | 3 |  3.6
Dodging        | |  1.7
Stealth        | |  1.7
Conjurations   | |  0.8
Summonings     | |  0.8
Translocations | |  0.8

Action                   || total
-------------------------++-------
Melee: Dagger            ||    15
 Cast: Magic Dart        ||    49
  Use: Potion            ||     2
Armor: Robe              ||     1
Dodge: Dodged            ||    17

Levels and vault maps discovered:
D:1:      lightli_arrival_statue_moat, layout_basic,
          shapermc_ecumenical_altar_venn, minmay_gold_behind_fungi,
          serial_bayou_crossing
D:2:      layout_loops_ring, basic_altar, serial_shops,
          nicolae_shop_behind_doors, uniq_jessica, uniq_terence,
          uniq_crazy_yiuf_cottage

Notes
Turn   | Place    | Note
-------+----------+-------------------------------------------
     0 | D:1      | spaghetti the Demigod Hedge Wizard began the quest for the
                  | Orb.
     0 | D:1      | Reached XP level 1. HP: 14/14 MP: 6/6
     0 | D:1      | magus.rc [v1.9.6]
   231 | D:1      | Reached skill level 3 in Spellcasting
   501 | D:1      | Reached XP level 2. HP: 20/20 MP: 2/8
  1263 | D:2      | Noticed Terence
  1273 | D:1      | Killed from afar by Terence

Vanquished Creatures
  A dart slug (D:1)
  A bat (D:1)
  An endoplasm (D:1)
  4 hobgoblins (D:1)
  2 quokkas (D:1)
  4 ball pythons (D:1)
  2 frilled lizards (D:1)
  3 goblins (D:1)
  3 kobolds (D:1)
  2 rats (D:1)
23 creatures vanquished.

Vanquished Creatures (others)
  4 toadstools (D:1)
4 creatures vanquished.

Grand Total: 27 creatures vanquished

Table legend:
 A = Non-vault XP
 B = Vault XP
 C = Vault XP percentage of total XP
 D = Non-vault monster count
 E = Vault monster count
 F = Vault count percentage of total count
                 A         B        C        D         E       F
            +---------+---------+-------+---------+---------+-------
      Total |      37 |       0 |   0.0 |      23 |       0 |   0.0
            +---------+---------+-------+---------+---------+-------
        D:1 |      37 |       0 |   0.0 |      23 |       0 |   0.0
            +---------+---------+-------+---------+---------+-------

Illustrated notes

Table legend:
 A = Kills in this place as a percentage of kills in entire the game.
 B = Kills by you in this place as a percentage of kills by you in the entire game.
 C = Kills by friends in this place as a percentage of kills by friends in the entire game.
 D = Other kills in this place as a percentage of other kills in the entire game.
 E = Experience gained in this place as a percentage of experience gained in the entire game.
 F = Experience gained in this place divided by the number of levels of this place that you have seen.
                   A       B       C       D       E      F
               +-------+-------+-------+-------+-------+----------------------
         Total | 100.0 | 100.0 |   N/A |   N/A | 100.0 |  18.5
       Dungeon | 100.0 | 100.0 |   N/A |   N/A | 100.0 |  18.5
               +-------+-------+-------+-------+-------+----------------------

Table legend: (Time is in decaauts)
 A = Elapsed time spent in this place.
 B = Non-inter-level travel time spent in this place.
 C = Inter-level travel time spent in this place.
 D = Time resting spent in this place.
 E = Time spent auto-exploring this place.
 F = Levels seen in this place.
 G = Mean time per level.
                   A        B        C        D        E       F      G
               +--------+--------+--------+--------+--------+-----+--------+
         Total |   1283 |   1243 |     40 |      0 |   1125 |   2 |  641.5 |
       Dungeon |   1283 |   1243 |     40 |      0 |   1125 |   2 |  641.5 |
               +--------+--------+--------+--------+--------+-----+--------+

Top non-repeatable levels by time:
     D:1: 1275 daAuts
     D:2: 7 daAuts
